Map: Ephemeron LE

Players

Serral - Winner!

  • Race: Zerg Zerg
  • Spawn Location: 11:00

Has

  • Race: Protoss Protoss
  • Spawn Location: 5:00

VOD

Have the link to the VOD?

Description

Time

  • Played on: Sept. 6, 2019, 8:45 p.m.
  • Length: 7:47
Show
View Real Time Build Order
Export as new Build Order

Serral Zerg - Winner!

Build Orders: Hatch First, Ravager All-In 

Get SALT Encoding   

  12  0:00  Drone  
  13  0:12  Overlord  
  13  0:16  Drone  
  14  0:30  Drone x2  
  16  0:48  Hatchery  
  15  0:52  Drone  
  15  0:55  Drone  
  17  0:58  Drone  
  18  1:10  Extractor  
  17  1:15  Spawning Pool  
  17  1:17  Drone  
  17  1:21  Drone  
  18  1:29  Drone  
  19  1:41  Drone  
  20  2:04  Queen  
  20  2:05  Roach Warren  
  20  2:06  Drone x2, Extractor  
  22  2:08  Spine Crawler  
  22  2:12  Drone  
  22  2:18  Overlord  
  23  2:22  Drone  
  23  2:30  Drone  
  24  2:41  Queen  
  26  2:46  Roach  
  26  2:47  Roach  
  30  2:52  Roach  
  30  2:57  Roach  
  34  3:02  Overlord  
  34  3:08  Ravager x2  
  36  3:14  Overlord  
  36  3:25  Roach x2  
  40  3:32  Ravager x2  
  42  3:35  Queen  
  44  3:44  Roach  
  46  3:51  Roach x2  
  48  3:57  Ravager  
  49  4:05  Zergling x8  
  44  4:17  Ravager  
  44  4:21  Queen  
  47  4:26  Zergling x6  
  49  4:37  Queen  
  49  4:44  Zergling x4  
  48  4:54  Zergling x6  
  46  5:06  Queen  
  44  5:07  Zergling x2  
  44  5:08  Zergling x2  
  44  5:13  Zergling x2  
  48  5:26  Zergling x2  
  48  5:30  Zergling x4  
  48  5:33  Zergling x2  
  44  5:44  Queen  
  44  5:47  Zergling x2  
  47  5:55  Zergling x4  
  48  6:05  Spawning Pool  
  41  6:43  Roach x3  
  47  6:52  Zergling x8  
  49  7:02  Overlord  
  49  7:04  Ravager x2  
  49  7:08  Ravager  
  49  7:10  Zergling x4  
  51  7:22  Zergling x4  
  56  7:28  Zergling x4  
Show
View Real Time Build Order
Export as new Build Order

Has Protoss 

Build Orders:  

Get SALT Encoding   

  12  0:00  Probe  
  13  0:12  Probe  
  14  0:16  Pylon  
  14  0:24  Probe  
  15  0:37  Gateway, Probe  
  16  0:49  Probe  
  17  0:56  Assimilator  
  17  1:01  Probe  
  18  1:07  Forge  
  18  1:13  Probe  
  19  1:25  Probe  
  20  1:26  Cybernetics Core  
  20  1:32  Pylon  
  20  1:50  Photon Cannon  
  20  1:57  Photon Cannon  
  20  2:01  Photon Cannon  
  20  2:11  Robotics Facility  
  20  2:15  Photon Cannon  
  20  2:18  Photon Cannon  
  20  2:25  Shield Battery  
  20  2:35  Shield Battery  
  20  2:38  Shield Battery  
  20  2:45  Immortal  
  24  3:01  Shield Battery  
  24  3:09  Shield Battery  
  24  3:17  Pylon  
  24  3:23  Immortal  
  28  3:43  Shield Battery  
  28  3:51  Shield Battery  
  27  3:56  Shield Battery  
  26  4:05  Warp Prism  
  23  4:45  Immortal  
Tags
 
Add a new tag
Caveats
  • Supply blocks, unpowered buildings, or Contaminate may cause inaccurate times.
  • Supply counts are checked every 10 seconds.